AoeStats
← suvdan.77

Black Forest

510375372Analyzed
3v3 RM · 1d ago on Sep 30, 2026· 58m 17s· 6 players
Game mode
Random Map
Map size
Normal (6 player)
Population
200
Speed
Normal
Resources
Standard
Victory
Conquest
Starting age
Dark Age
Ending age
Imperial Age
RankedLock teamsTeams togetherTeam positionsShared explorationLock speedFull tech treeHidden civsTurbo modeCheats
Victory
Defeat
🇭🇺 Persians · Hungary
835
+11
🇭🇺 Spanish · Hungary
792
+13
🇭🇺 Franks · Hungary
579
+23
🇩🇪 Persians · Germany
795
-18
🇫🇷 Bulgarians · France
701
-15
🇩🇪 Danes · Germany
678
-14
OG Sonic
5:10 Loom
11:45 Feudal Age
16:18 Castle Age
14:32 Double-Bit Axe
22:11 Horse Collar
25:19 Wheelbarrow
26:31 Caravan
26:59 Town Watch
28:02 Gold Mining
28:26 Bow Saw
30:24 Stone Mining
30:51 Hand Cart
30:53 Fishing Lines
32:11 Heavy Plow
35:02 Imperial Age
33:29 Gillnets
33:47 Fletching
33:58 Padded Archer Armor
34:09 Forging
34:22 Ballistics
34:52 Kamandaran
35:12 Scale Barding Armor
36:29 Chemistry
35:36 Siphons
35:46 Citadels
35:57 Conscription
37:14 Iron Casting
37:03 Bodkin Arrow
37:30 Chain Barding Armor
38:06 Leather Archer Armor
38:27 Murder Holes
39:50 Two-Man Saw
38:53 Town Patrol
39:26 Crop Rotation
39:15 Elite War Elephant
40:11 Heavy Camel Rider
40:52 Husbandry
41:03 Bloodlines
41:28 Heavy Scorpion
49:41 Ring Archer Armor
suvdan.77
0:35 Loom
12:50 Feudal Age
17:03 Castle Age
30:30 Double-Bit Axe
30:39 Gold Mining
30:40 Stone Mining
32:03 Gold Shaft Mining
31:42 Bow Saw
34:49 Imperial Age
32:26 Man-at-Arms
32:27 Pikeman
33:08 Squires
32:53 Gambesons
33:41 Forging
33:31 Scale Mail Armor
33:37 Scale Barding Armor
33:23 Fletching
33:34 Padded Archer Armor
34:12 Wheelbarrow
33:57 Long Swordsman
35:18 Iron Casting
34:59 Chain Mail Armor
35:10 Hand Cart
35:31 Chain Barding Armor
35:07 Bodkin Arrow
36:49 Chemistry
35:16 Cavalier
35:56 Husbandry
35:19 Two-Handed Swordsman
36:20 Leather Archer Armor
36:46 Paladin
36:48 Champion
37:50 Caravan
40:53 Blast Furnace
40:24 Plate Mail Armor
40:36 Plate Barding Armor
52:36 Light Cavalry
LordPRTKR
1:16 Loom
13:25 Feudal Age
17:48 Castle Age
15:41 Double-Bit Axe
17:46 Horse Collar
29:19 Caravan
29:53 Coinage
32:19 Bow Saw
32:21 Heavy Plow
37:53 Imperial Age
36:02 Wheelbarrow
35:12 Town Watch
36:08 Gold Mining
36:11 Stone Mining
36:38 Padded Archer Armor
39:39 Leather Archer Armor
39:15 Fletching
41:03 Bloodlines
40:55 Husbandry
42:01 Elite Conquistador
43:36 Conscription
43:59 Guilds
44:24 Scale Barding Armor
44:49 Ring Archer Armor
45:44 Chemistry
45:05 Ballistics
52:31 Scale Mail Armor
Jenni_kre
1:53 Loom
12:58 Feudal Age
13:45 Double-Bit Axe
13:56 Horse Collar
16:36 Fishing Lines
21:30 Castle Age
20:21 Gold Mining
27:46 Gillnets
29:13 Wheelbarrow
29:15 Heavy Plow
32:22 Bow Saw
31:48 Crossbowman
32:55 Fervor
32:41 Herbal Medicine
33:31 Murder Holes
33:30 Fletching
34:04 Stone Mining
34:37 Kamandaran
35:28 Caravan
36:06 Padded Archer Armor
36:03 Bodkin Arrow
36:27 Masonry
36:38 Ballistics
37:21 Hand Cart
36:52 Town Watch
40:08 Imperial Age
38:19 Stone Shaft Mining
37:49 Guard Tower
39:29 Gold Shaft Mining
38:59 Town Patrol
39:05 Pikeman
39:46 Squires
39:32 Gambesons
39:32 Arson
39:55 Thumb Ring
41:27 Chemistry
40:58 Architecture
40:46 Leather Archer Armor
40:42 Forging
40:33 Scale Mail Armor
40:39 Scale Barding Armor
41:13 Crop Rotation
41:48 Two-Man Saw
41:41 Ring Archer Armor
40:36 Halberdier
41:45 Elite War Elephant
42:46 Conscription
42:37 Citadels
42:42 Sappers
43:52 Hoardings
55:16 Heated Shot
55:48 Chain Barding Armor
55:43 Chain Mail Armor
56:04 Iron Casting
54:56 Heavy Cavalry Archer
56:02 Parthian Tactics
54:58 Elite Skirmisher
stinkelton7
1:31 Loom
12:04 Feudal Age
14:38 Double-Bit Axe
16:57 Castle Age
15:13 Horse Collar
19:47 Wheelbarrow
21:12 Heavy Plow
22:57 Town Watch
23:28 Forging
23:18 Scale Mail Armor
24:30 Bow Saw
28:14 Gold Mining
31:15 Imperial Age
30:01 Caravan
32:18 Hand Cart
32:20 Squires
32:06 Gambesons
32:07 Arson
31:44 Elite Varangian Guard
32:51 Chain Mail Armor
35:38 Onager
37:00 Iron Casting
36:55 Plate Mail Armor
36:51 Conscription
36:11 Capped Ram
37:36 Siege Ram
38:12 Elite Jomsviking
38:52 Hamask
40:10 Hoardings
39:08 Northmen's Fury
41:44 Siege Onager
46:35 Blast Furnace
45:27 Fletching
47:19 Pikeman
kriber
0:36 Loom
16:16 Feudal Age
16:46 Double-Bit Axe
16:46 Horse Collar
24:20 Fishing Lines
24:41 Fletching
25:50 Town Watch
28:41 Castle Age
26:36 Gold Mining
26:37 Stone Mining
27:48 Bloodlines
27:51 Forging
27:47 Scale Barding Armor
27:44 Scale Mail Armor
29:15 Gillnets
30:42 Stone Shaft Mining
30:44 Gold Shaft Mining
30:31 Caravan
31:06 Bodkin Arrow
33:11 Bow Saw
36:40 Imperial Age
35:02 Iron Casting
34:48 Chain Barding Armor
34:54 Murder Holes
35:53 Wheelbarrow
35:20 Town Patrol
35:28 Husbandry
36:18 Stirrups
36:50 Hand Cart
37:04 Elite Konnik
38:57 Conscription
39:51 Blast Furnace
39:28 Plate Barding Armor
40:25 Chain Mail Armor
40:43 Siege Engineers
43:06 Pikeman
43:47 Squires
45:56 Halberdier
Connection lost

Rejoining the realm…

Still unreachable

The connection could not be restored.

Session expired

The server has moved on; the page needs a fresh start.